 Dungeon Crawl Stone Soup version 0.20-a0-926-g560771d (webtiles) character file.

85 Isola the Poker (level 4, -1/33 HPs)
             Began as a Merfolk Skald on Mar 28, 2017.
             Slain by Grinder (2 damage)
             ... on level 3 of the Dungeon.
             The game lasted 00:03:35 (2794 turns).

Isola the Poker (Merfolk Skald)                     Turns: 2794, Time: 00:03:35

Health: -1/33      AC:  4    Str: 11    XL:     4   Next: 48%
Magic:  1/7        EV: 13    Int: 13    God:
Gold:   146        SH:  0    Dex: 13    Spells: 2/7 levels left

rFire    . . .     SeeInvis .   a - +0 spear
rCold    . . .     Gourm    .   (no shield)
rNeg     . . .     Faith    .   b - +0 leather armour
rPois    +         Spirit   .   (no helmet)
rElec    .         Reflect  .   (no cloak)
rCorr    .         Harm     .   k - +0 pair of gloves
MR       .....                  (no boots)
Stlth    +.........             (no amulet)
Regen    0.2/turn               r - ring of poison resistance
MPRegen  0.1/turn               (no ring)

@: no status effects
A: change form in water, swift swim, stealthy swim
a: no special abilities


You were on level 3 of the Dungeon.
You were hungry.

You visited 1 branch of the dungeon, and saw 3 of its levels.

You collected 146 gold pieces.

Inventory:

Hand Weapons
 a - a +0 spear (weapon)
Armour
 b - a +0 leather armour (worn)
 k - a +0 pair of gloves (worn)
Jewellery
 r - a ring of poison resistance (left hand)
Wands
 o - a wand of acid (8/15)
Scrolls
 e - a scroll of magic mapping {unknown}
 f - 2 scrolls of remove curse {unknown}
 g - 3 scrolls of noise {unknown}
 i - 2 scrolls of enchant armour {unknown}
 j - 3 scrolls of identify
 m - a scroll of teleportation {unknown}
 n - 2 scrolls of amnesia {unknown}
Potions
 h - a potion of flight
 q - 2 potions of curing
Books
 c - a book of Battle

   Spells                             Type                      Level
   a - Infusion                       Charms                       1
   b - Shroud of Golubria             Charms/Translocation         2
   c - Song of Slaying                Charms                       2
   d - Spectral Weapon                Hexes/Charms                 3
   e - Regeneration                   Charms/Necromancy            3
Comestibles
 d - 2 bread rations
 l - 3 fruits
 s - 2 chunks of flesh


   Skills:
 - Level 2.1 Fighting
 * Level 5.0 Polearms
 - Level 0.6 Armour
 + Level 3.6 Dodging
 - Level 2.0 Spellcasting
 + Level 4.1 Charms


You had 2 spell levels left.
You knew the following spells:

 Your Spells              Type           Power        Failure   Level  Hunger
a - Infusion              Chrm           ##..         8%          1    ##.....
b - Shroud of Golubria    Chrm/Tloc      #.........   21%         2    ###....
c - Song of Slaying       Chrm           ##......     12%         2    ###....


Dungeon Overview and Level Annotations

Branches:
Dungeon (3/15)

Altars:

Annotations:
D:3 Grinder


Message History

You hit Grinder but do no damage.
Grinder is severely wounded.
Grinder hits you!
You hit Grinder.
Grinder is severely wounded.
Grinder misses you.
You feel better. Grinder barely misses you.
You barely miss Grinder.
Grinder is severely wounded.
Grinder hits you.
You writhe in agony.
You hit Grinder.
Grinder is almost dead.
Grinder hits you.
You writhe in agony.
* * * LOW HITPOINT WARNING * * *
You hit Grinder but do no damage.
Grinder is almost dead.
Grinder hits you.
* * * LOW HITPOINT WARNING * * *
You writhe in agony.
You die...

#.##.# #.# #.## #.# ##.##.###.##
# # #.. ..# .(....##(..# #.# #.#
.##.# ##.#####...###.# #.# ..(.
#.###..".....#.##.##### ##..
#...........###.#.....#######...
#####......## ##...........##...
#..........###5#.#.#<..........
#.####.#.#..#.@#.#......#.###..
# #.###....#.#.######.#.# ##.
##.#.#####............# ## ##..#
#.................. ##.#
#.##.#####...###### #.#
#.............# #.#
#..#<#####....# #.# #..#.#
#....### #.# #..#.#####......#


You could see Grinder.

Vanquished Creatures
  A worker ant (D:3)
  An adder (D:3)
  An ooze (D:1)
  2 worms (D:2)
  A leopard gecko (D:3)
  A ball python (D:1)
  6 bats
  2 giant cockroaches (D:1)
  9 hobgoblins
  3 jackals (D:2)
  3 kobolds
  A quokka (D:2)
  3 frilled lizards
  2 goblins
  5 rats
41 creatures vanquished.

Notes
Turn   | Place    | Note
-------+----------+-------------------------------------------
     0 | D:1      | Isola the Merfolk Skald began the quest for the Orb.
     0 | D:1      | Reached XP level 1. HP: 16/16 MP: 3/3
    98 | D:1      | Reached XP level 2. HP: 20/22 MP: 5/5
   104 | D:1      | Learned a level 2 spell: Shroud of Golubria
   107 | D:1      | Learned a level 2 spell: Song of Slaying
  1000 | D:2      | Reached XP level 3. HP: 7/27 MP: 6/6
  1257 | D:2      | Reached skill level 4 in Polearms
  2187 | D:3      | Reached XP level 4. HP: 25/33 MP: 7/7
  2351 | D:3      | Reached skill level 5 in Polearms
  2756 | D:3      | Noticed Grinder
  2794 | D:3      | HP: 1/33 [Grinder (6)]
  2794 | D:3      | Slain by Grinder

Vault maps used:
D:1:      grunt_arrival_lava_bath
D:3:      first_bread, uniq_sigmund, uniq_grinder, uniq_crazy_yiuf_cottage

Skill      XL: |  1  2  3  4 |
---------------+-------------+-----
Dodging        | 3 |  3.6
Polearms       | 4 5 |  5.0
Charms         | 4 |  4.1
Fighting       | |  2.1
Armour         | |  0.6
Spellcasting   | |  2.0

Action                   |  1- 3 |  4- 6 || total
-------------------------+-------+-------++-------
Melee: Spear             |   176 |    43 ||   219
 Cast: Infusion          |     5 |     2 ||     7
       Shroud of Golubri |     5 |     1 ||     6
  Use: Scroll            |       |     4 ||     4
       Potion            |       |     2 ||     2
 Stab: Sleeping          |     1 |     1 ||     2
  Eat: Chunk             |     4 |     2 ||     6
Armor: Leather armour    |    40 |     4 ||    44
Dodge: Dodged            |    77 |    11 ||    88
